 Dungeon Crawl Stone Soup version 0.29.0-5-ge4962eb29e (webtiles) character file.

Game seed: 6011628694473809337

45 Sobieck the Insei (level 3, -1/19 HPs)
             Began as a Vine Stalker Monk on Aug 28, 2022.
             Slain by a worm (8 damage)
             ... on level 2 of the Dungeon.
             The game lasted 00:02:43 (1572 turns).

Sobieck the Insei (Vine Stalker Monk)               Turns: 1572, Time: 00:02:44

Health: -1/19      AC:  4    Str: 15    XL:     3   Next: 64%
Magic:  0/4        EV: 12    Int: 10    God:
Gold:   63         SH:  0    Dex: 16    Spells: 2/2 levels left

rFire   . . .      SeeInvis .     - Unarmed
rCold   . . .      Faith    .   (no shield)
rNeg    . . .      Spirit   +   a - +0 robe
rPois   .          Reflect  .   (no helmet)
rElec   .          Harm     .   (no cloak)
rCorr   .          Rampage  .   e - +0 pair of gloves
Will    .....                   j - +0 pair of boots
Stlth   ++........              (no amulet)
HPRegen 0.06/turn               (no ring)
MPRegen 0.09/turn               (no ring)

@: no status effects
A: fangs 2, magic shield, antimagic bite, no potion heal 2
a: no special abilities


You were on level 2 of the Dungeon.
You visited 1 branch of the dungeon, and saw 2 of its levels.

You collected 63 gold pieces.


Innate Abilities, Weirdness & Mutations

You have extremely sharp teeth.
When hurt, damage is shared between your health and your magic reserves.
Your bite disrupts and absorbs the magic of your enemies.
Potions cannot restore your health.


   Skills:
 - Level 2.6 Fighting
 - Level 2.4 Dodging
 - Level 2.4 Stealth
 + Level 4.5 Unarmed Combat


You had 2 spell levels left.
You didn't know any spells.
Your spell library was empty.

Inventory:

Missiles
 h - 19 stones (quivered) {throwing}
Armour
 a - a +0 robe (worn)
 c - a +0 leather armour
   (You found it on level 1 of the Dungeon)
 e - a +0 pair of gloves (worn)
   (You found it on level 1 of the Dungeon)
 f - a +4 ring mail
   (You found it on level 1 of the Dungeon)
 j - a +0 pair of boots (worn)
   (You found it on level 1 of the Dungeon)
 m - a +0 leather armour
   (You found it on level 1 of the Dungeon)
Wands
 s - a wand of flame (15)
   (You found it on level 2 of the Dungeon)
Scrolls
 g - a scroll of enchant armour {unknown}
 k - 2 scrolls of teleportation {unknown}
 n - 2 scrolls of summoning {unknown}
 o - a scroll of butterflies {unknown}
 r - 3 scrolls of magic mapping {unknown}
 t - a scroll of immolation {unknown}
Potions
 b - a potion of ambrosia
 d - a potion of attraction {unknown}
 i - a potion of haste {unknown}
 l - a potion of mutation {unknown}
 p - a potion of magic {unknown}
 q - a potion of brilliance {unknown}

Dungeon Overview and Level Annotations

Branches:
Dungeon (2/15) Zot: 10434

Altars:

# #[#.#....# #.....)##.###
..###...#### .# #......#..#
#.....###### .. #.........#
#..#.......### .#
+......##.# #............#
#.# #..>...##.###
#.###......#.##.#.#
###.##.##.... #
###.........#.# #.##.##.###
#.####.####.# #.##.##.#
##........w@.# #.##.#..#
........##########.##.#.####
##.###.............##.#.....
### #.####......#.##.#.....
#.#.........+....#.....
#†#..#......######.....
#.#..#.#.........#.....
#.#..#.#.######.##.....
#.#....)....).#.###....


You could see a worm.


Message History

You hit the dart slug but do no damage. You bite the dart slug.
You kill the dart slug!
No target in view!
No target in view!
n - 2 scrolls labelled RUERUXZ QOXT (gained 1)
A kobold comes into view. It is wielding a +0 short sword.
Danger!
The kobold closely misses you.
You barely miss the kobold. The kobold closely misses you.
You hit the kobold.
You kill the kobold!
No target in view!
No target in view!
q - a green potion You see here a +0 short sword {short}.
r - 3 scrolls labelled PUBRANNE FATUS You see here a +0 short sword {short}.
s - a wand of flame (15) Unknown command.
You see here a +0 dagger {short}.
A ball python comes into view.
Danger!
The helpless ball python fails to defend itself.
You hit the ball python. Your bite misses the ball python.
The ball python closely misses you. x2
You hit the ball python.
You kill the ball python!
You see here a ball python corpse.
t - a scroll labelled ZAOSA HISMUPN Unknown command.
An endoplasm comes into view.
The endoplasm quivers.
Danger!
A rat and a giant cockroach come into view.
The endoplasm freezes you.
You are frozen.
You hit the endoplasm. You bite the endoplasm. You drain its power.
The endoplasm freezes you.
You are frozen.
You are too injured to fight recklessly!
You are too injured to fight recklessly!
You are too injured to fight recklessly!
You are too injured to fight recklessly!
Unknown command.
You barely miss the endoplasm. The endoplasm closely misses you.
Unknown command.
You hit the endoplasm.
You kill the endoplasm!
The rat barely misses you.
You hit the rat.
You kill the rat!
Unknown command.
Unknown command.
A ball python comes into view.
Danger!
You are too injured to fight recklessly!
You are too injured to fight recklessly!
Unknown command.
The ball python hisses angrily.
The ball python bites you. The ball python closely misses you.
Unknown command.
You punch the ball python!
You kill the ball python!
The giant cockroach closely misses you. The giant cockroach barely misses you.
A rat comes into view.
The giant cockroach bites you but does no damage.
You hit the giant cockroach but do no damage.
The giant cockroach barely misses you.
You barely miss the giant cockroach. You bite the giant cockroach.
You kill the giant cockroach!
Unknown command.
Danger!
A worm comes into view.
A hobgoblin comes into view.
A bat and a goblin come into view.
The worm barely misses you.
You are too injured to fight recklessly!
You are too injured to fight recklessly!
The hobgoblin shouts!
Danger!
Danger!
A worm is nearby!
Unknown command.
Unknown command.
Danger!
You punch the hobgoblin!
You kill the hobgoblin!
Danger!
Unknown command.
Unknown command.
You punch the worm! You hit the worm but do no damage.
You punch the worm, but do no damage. The worm closely misses you.
You hit the worm. The worm bites you!
* * * LOW HITPOINT WARNING * * *
You hit the worm. You punch the worm. Your bite misses the worm.
Unknown command.
You barely miss the worm. The worm bites you!
You die...

Skill      XL: |  1  2 |
---------------+-------+-----
Unarmed Combat | 4 |  4.5
Fighting       | |  2.6
Dodging        | |  2.4
Stealth        | |  2.4

Action                   || total
-------------------------++-------
Melee: Unarmed           ||   102
       Bite              ||    20
       Punch             ||     4
 Stab: Sleeping          ||     2
Armor: Robe              ||    19
Dodge: Dodged            ||    62

Levels and vault maps discovered:
D:1:      lightli_arrival_maybe_door_vault, layout_basic
D:2:      minmay_diamond_boxcup, layout_basic, minmay_fractal_squares_5,
          uniq_natasha, uniq_robin

Notes
Turn   | Place    | Note
-------+----------+-------------------------------------------
     0 | D:1      | Sobieck the Vine Stalker Monk began the quest for the Orb.
     0 | D:1      | Reached XP level 1. HP: 11/11 MP: 2/2
   307 | D:1      | Reached XP level 2. HP: 10/16 MP: 3/3
   750 | D:1      | Reached skill level 4 in Unarmed Combat
   760 | D:1      | Reached XP level 3. HP: 11/19 MP: 1/4
  1572 | D:2      | Slain by a worm

Vanquished Creatures
  2 dart slugs
  An endoplasm (D:2)
  3 giant cockroaches
  3 goblins
  3 hobgoblins
  2 quokkas (D:1)
  6 ball pythons
  3 bats
  9 kobolds
  7 rats
39 creatures vanquished.

Table legend:
 A = Non-vault XP
 B = Vault XP
 C = Vault XP percentage of total XP
 D = Non-vault monster count
 E = Vault monster count
 F = Vault count percentage of total count
                 A         B        C        D         E       F
            +---------+---------+-------+---------+---------+-------
      Total |      61 |       4 |   6.2 |      37 |       2 |   5.1
            +---------+---------+-------+---------+---------+-------
        D:1 |      47 |       0 |   0.0 |      29 |       0 |   0.0
        D:2 |      14 |       4 |  22.2 |       8 |       2 |  20.0
            +---------+---------+-------+---------+---------+-------

Illustrated notes

Table legend:
 A = Kills in this place as a percentage of kills in entire the game.
 B = Kills by you in this place as a percentage of kills by you in the entire game.
 C = Kills by friends in this place as a percentage of kills by friends in the entire game.
 D = Other kills in this place as a percentage of other kills in the entire game.
 E = Experience gained in this place as a percentage of experience gained in the entire game.
 F = Experience gained in this place divided by the number of levels of this place that you have seen.
                   A       B       C       D       E      F
               +-------+-------+-------+-------+-------+----------------------
         Total | 100.0 | 100.0 |   N/A |   N/A | 100.0 |  32.5
       Dungeon | 100.0 | 100.0 |   N/A |   N/A | 100.0 |  32.5
               +-------+-------+-------+-------+-------+----------------------

Table legend: (Time is in decaauts)
 A = Elapsed time spent in this place.
 B = Non-inter-level travel time spent in this place.
 C = Inter-level travel time spent in this place.
 D = Time resting spent in this place.
 E = Time spent auto-exploring this place.
 F = Levels seen in this place.
 G = Mean time per level.
                   A        B        C        D        E       F      G
               +--------+--------+--------+--------+--------+-----+--------+
         Total |   1564 |   1552 |     12 |    187 |   1064 |   2 |  782.0 |
       Dungeon |   1564 |   1552 |     12 |    187 |   1064 |   2 |  782.0 |
               +--------+--------+--------+--------+--------+-----+--------+

Top non-repeatable levels by time:
     D:1: 1251 daAuts
     D:2: 313 daAuts
